 Seeded DCSS version 0.25.1-2-g60ff931df9 (webtiles) character file.

Game seed: 1568254418212900138 (custom seed)

144 sahdkjhfkaj the Shooter (level 5, 0/47 HPs)
             Began as a Centaur Arcane Marksman on Nov 9, 2020.
             Succumbed to a scorpion's poison
             ... on level 3 of the Dungeon.
             The game lasted 00:03:00 (2887 turns).

sahdkjhfkaj the Shooter (Centaur Arcane Marksman)   Turns: 2887, Time: 00:03:00

Health: 0/47       AC:  4    Str: 14    XL:     5   Next: 5%
Magic:  5/10       EV: 11    Int: 12    God:
Gold:   70         SH:  0    Dex:  9    Spells: 9/10 levels left

rFire    . . .     SeeInvis .   a - +0 shortbow
rCold    . . .     Gourm    .   (shield currently unavailable)
rNeg     . . .     Faith    .   e - +0 robe
rPois    .         Spirit   .   (no helmet)
rElec    .         Reflect  .   (no cloak)
rCorr    .         Harm     .   (no gloves)
MR       .....                  (no barding)
Stlth    +.........             (no amulet)
HPRegen  0.15/turn              n - ring of wizardry
MPRegen  0.12/turn              (no ring)

@: lethally poisoned (0 -> -9), stab, hasted, very quick
A: large, hooves 3, deformed body, speed 2, tough skin 3
a: no special abilities


You were on level 3 of the Dungeon.
You were not hungry.

You visited 1 branch of the dungeon, and saw 3 of its levels.

You collected 70 gold pieces.

Inventory:

Hand Weapons
 a - a +0 shortbow (weapon)
Missiles
 d - 27 arrows (quivered)
Armour
 e - a +0 robe (worn)
Jewellery
 n - a ring of wizardry (left hand)
Scrolls
 b - a scroll of blinking
 c - a scroll of fog
 g - a scroll of amnesia
 j - a scroll of teleportation {unknown}
 l - a scroll of enchant weapon {unknown}
Comestibles
 f - 4 rations
 i - 2 chunks of flesh


   Skills:
 - Level 4.6 Fighting
 + Level 7.2 Bows
 - Level 3.6 Armour
 - Level 4.0 Dodging
 - Level 3.4 Spellcasting
 - Level 5.2 Hexes


You had 9 spell levels left.
You knew the following spells:

 Your Spells              Type           Power        Failure   Level  Hunger
a - Corona                Hex            ##.....      1%          1    #......

Your spell library contained the following spells:

 Spells                   Type           Power        Failure   Level  Hunger
 Slow                     Hex            ##......     1%          2    ##.....
 Inner Flame              Hex/Fire       #.......     10%         3    ###....
 Portal Projectile        Hex/Tloc       #.....       10%         3    ###....
 Cause Fear               Hex            ##........   11%         4    #####..
 Leda's Liquefaction      Hex/Erth       #.........   32%         4    #####..


Dungeon Overview and Level Annotations

Branches:
Dungeon (3/15)

Altars:
Okawaru


Innate Abilities, Weirdness & Mutations

You have hooves in place of feet.
Armour fits poorly on your strangely shaped body.
You cover ground very quickly.
You have extremely tough skin. (AC +3)


Message History

Training target 3.0 for Spellcasting reached!
Training target 5.0 for Hexes reached!
You have reached level 5!
* * * LOW HITPOINT WARNING * * *
You feel sick.
It was a potion of haste.
You feel yourself speed up.
* * * LOW HITPOINT WARNING * * *
You feel sick.
It was a potion of stabbing.
You feel ready to backstab. The scorpion stings you.
* * * LOW HITPOINT WARNING * * *
* * * LOW HITPOINT WARNING * * *
You feel sick.
You aren't carrying any items that you can evoke.
Okay, then.
You aren't carrying any potions.
Okay, then.
You eat one of the 5 rations.
That ration really hit the spot!
You die...

###########
#.........#
#.#######.# #...# #.#
####### ###.#
#.###.....#
#.#####.@.s...#.#
###....##########.#
#................(#
#..........######..
#..........######.#.
#####
#.................#..
....#
#.........######..#
.# ....# #.........#
... .#
....###.........#
..(. #


You could see a scorpion.

Vanquished Creatures
  3 adders
  2 worms (D:2)
  2 dart slugs
  A ball python (D:1)
  2 giant cockroaches (D:2)
  2 goblins
  7 hobgoblins
  8 kobolds
  3 bats (D:1)
  2 frilled lizards
  A rat (D:2)
33 creatures vanquished.

Notes
Turn   | Place    | Note
-------+----------+-------------------------------------------
     0 | D:1      | sahdkjhfkaj the Centaur Arcane Marksman began the quest for
                  | the Orb.
     0 | D:1      | Reached XP level 1. HP: 16/16 MP: 2/2
    91 | D:1      | Reached skill level 3 in Bows
   802 | D:1      | Found an iron altar of Okawaru.
   829 | D:1      | Reached XP level 2. HP: 16/23 MP: 3/3
  1461 | D:2      | Reached skill level 4 in Bows
  1665 | D:2      | Reached XP level 3. HP: 21/28 MP: 4/4
  1880 | D:2      | Found a faded altar of an unknown god.
  2010 | D:2      | Reached skill level 1 in Armour
  2714 | D:3      | Reached XP level 4. HP: 35/35 MP: 5/5
  2882 | D:3      | Reached skill level 7 in Bows
  2882 | D:3      | Reached skill level 5 in Hexes
  2882 | D:3      | Reached XP level 5. HP: 9/47 MP: 5/10
  2884 | D:3      | HP: 1/47 [scorpion (5)]
  2887 | D:3      | Succumbed to a scorpion's poison

Illustrated notes

Levels and vault maps discovered:
D:1:      dpeg_arrival_orchard, layout_basic, okawaru_ov_weapons_minmay
D:2:      layout_loops_corners, first_ration, chequers_ecumenical_altar_simple
D:3:      layout_basic, minmay_misc_feat_doors, minivault_27

Skill      XL: |  1  2  3  4 |
---------------+-------------+-----
Bows           | 3 4 7 |  7.2
Hexes          | 3 5 |  5.2
Armour         | 1 3 |  3.6
Dodging        | 2 4 |  4.0
Fighting       | 4 |  4.6
Spellcasting   | 3 |  3.4

Action                   |  1- 3 |  4- 6 || total
-------------------------+-------+-------++-------
 Fire: Shortbow          |   137 |    19 ||   156
  Use: Scroll            |     2 |     1 ||     3
       Potion            |       |     3 ||     3
  Eat: Chunk             |     4 |       ||     4
       Ration            |       |     1 ||     1
Armor: Robe              |    20 |     1 ||    21
Dodge: Dodged            |    31 |     1 ||    32
